 Dungeon Crawl Stone Soup version 0.22-a0-412-g2b68d14 (webtiles) character file.

8 galech the Thaumaturge (level 2, 0/23 HPs)
             Began as a Gnoll Wanderer on May 12, 2018.
             Slain by a goblin (3 damage)
             ... on level 1 of the Dungeon.
             The game lasted 00:00:31 (369 turns).

galech the Thaumaturge (Gnoll Wanderer)              Turns: 369, Time: 00:00:32

Health: 0/23       AC:  5    Str: 13    XL:     2   Next: 8%
Magic:  12/12      EV: 10    Int: 13    God:
Gold:   8          SH:  0    Dex: 16    Spells: 19/19 levels left

rFire    . . .     SeeInvis .   d - +0 dagger
rCold    . . .     Gourm    .   (no shield)
rNeg     . . .     Faith    .   c - +0 ring mail
rPois    .         Spirit   .   (no helmet)
rElec    .         Reflect  .   (no cloak)
rCorr    .         Harm     .   (no gloves)
MR       .....                  (no boots)
Stlth    +.........             (no amulet)
HPRegen  0.07/turn              (no ring)
MPRegen  0.13/turn              (no ring)

@: no status effects
A: distributed training, fangs 1, strong nose
a: no special abilities


You were on level 1 of the Dungeon.
You were not hungry.

You visited 1 branch of the dungeon, and saw 1 of its levels.

You collected 8 gold pieces.

Inventory:

Hand Weapons
 d - a +0 dagger (weapon)
Armour
 c - a +0 ring mail (worn)
Scrolls
 b - a scroll of teleportation
 e - a scroll of identify {unknown}
Potions
 g - a potion of mutation {unknown}
Comestibles
 a - 5 chunks of flesh
 f - 2 rations


   Skills:
 + Level 2.4 Fighting
 + Level 0.2 Short Blades
 + Level 0.2 Long Blades
 + Level 0.2 Axes
 + Level 0.2 Maces & Flails
 + Level 0.2 Polearms
 + Level 0.2 Staves
 + Level 0.2 Slings
 + Level 0.2 Bows
 + Level 2.4 Crossbows
 + Level 0.2 Throwing
 + Level 2.4 Armour
 + Level 0.2 Dodging
 + Level 2.2 Stealth
 + Level 2.4 Shields
 + Level 0.2 Unarmed Combat
 + Level 9.2 Spellcasting
 + Level 0.1 Conjurations
 + Level 0.1 Hexes
 + Level 0.1 Charms
 + Level 0.1 Summonings
 + Level 0.1 Necromancy
 + Level 0.1 Translocations
 + Level 2.0 Transmutations
 + Level 0.1 Fire Magic
 + Level 0.1 Ice Magic
 + Level 0.1 Air Magic
 + Level 0.1 Earth Magic
 + Level 0.1 Poison Magic
 + Level 0.3 Invocations
 + Level 0.2 Evocations


You had 19 spell levels left.
You didn't know any spells.
Your spell library contained the following spells:

 Spells                   Type           Power        Failure   Level  Hunger
 Magic Dart               Conj           #...         24%         1    None
 Conjure Flame            Conj/Fire      #.......     56%         3    ##.....
 Slow                     Hex            #.......     34%         2    None
 Mephitic Cloud           Conj/Pois/Air  #.......     56%         3    ##.....
 Blink                    Tloc           N/A          34%         2    None
 Call Imp                 Summ           #.......     34%         2    None


Dungeon Overview and Level Annotations

Branches:
Dungeon (1/15)

Altars:


Innate Abilities, Weirdness & Mutations

Your experience applies equally to all skills.
You have very sharp teeth.
Your uncanny sense of smell can sniff out nearby items.


Message History

You are too injured to fight recklessly!
You are too injured to fight recklessly!
You are too injured to fight recklessly!
You are too injured to fight recklessly!
You are too injured to fight recklessly!
You are too injured to fight recklessly!
You closely miss the goblin.
The goblin is almost dead.
The kobold hits you with a club.
* * * LOW HITPOINT WARNING * * *
The goblin barely misses you.
Unknown command.
You hit the goblin but do no damage.
The goblin is almost dead.
The kobold barely misses you. The goblin hits you.
* * * LOW HITPOINT WARNING * * *
You closely miss the goblin.
The goblin is almost dead.
The kobold hits you but does no damage. The goblin hits you.
You die...

...... . #...#
.##.#.#.#.#.#.## .#
#.#.#.#.#.#.# ####
#.##.#.≈≈≈≈≈.#.##
.##...##.#.#.#≈.<.≈#.#.#
..........#.#.≈...≈.#.##
...........#.#≈...≈#.#..
......g$.(#.#.≈≈≈≈≈.#.#.
.....lK@...#.#.#.#.#.#..
##..#....##.#.#.#.#.#.#.
...$...#.##.............
.......#.............)(.
.....#....######........
.....#........###.......
...##..#......# ##......
... #.##......# ######.
.. #. #......# #.


You could see a goblin, a kobold and a frilled lizard.

Vanquished Creatures
  2 bats (D:1)
  A goblin (D:1)
  2 hobgoblins (D:1)
  A frilled lizard (D:1)
  2 kobolds (D:1)
8 creatures vanquished.

Notes
Turn   | Place    | Note
-------+----------+-------------------------------------------
     0 | D:1      | Reached skill level 9 in Spellcasting
     0 | D:1      | galech the Gnoll Wanderer began the quest for the Orb.
     0 | D:1      | galech set off with: a scroll of teleportation, a +0 ring mail, a +0 dagger, a ration
     0 | D:1      | Reached XP level 1. HP: 17/17 MP: 10/10
   314 | D:1      | Reached XP level 2. HP: 11/23 MP: 12/12
   369 | D:1      | Slain by a goblin

Vault maps used:
D:1:      ncdulo_watergridlock

Skill      XL: |  1 |
---------------+----+-----
Spellcasting   | |  9.2
Transmutations | 2 |  2.0
Fighting       | |  2.4
Short Blades   | |  0.2
Long Blades    | |  0.2
Axes           | |  0.2
Maces & Flails | |  0.2
Polearms       | |  0.2
Staves         | |  0.2
Slings         | |  0.2
Bows           | |  0.2
Crossbows      | |  2.4
Throwing       | |  0.2
Armour         | |  2.4
Dodging        | |  0.2
Stealth        | |  2.2
Shields        | |  2.4
Unarmed Combat | |  0.2
Conjurations   | |  0.1
Hexes          | |  0.1
Charms         | |  0.1
Summonings     | |  0.1
Necromancy     | |  0.1
Translocations | |  0.1
Fire Magic     | |  0.1
Ice Magic      | |  0.1
Air Magic      | |  0.1
Earth Magic    | |  0.1
Poison Magic   | |  0.1
Invocations    | |  0.3
Evocations     | |  0.2

Action                   || total
-------------------------++-------
Melee: Dagger            ||    52
       Bite              ||     6
Armor: Ring mail         ||    29
Dodge: Dodged            ||    34

Table legend:
 A = Spawn XP
 B = Non-spawn XP
 C = Spawn XP percentage of total XP
 D = Spawn monster count
 E = Non-spawn monster count
 F = Spawn count percentage of total count
 G = Total turns spent on level
                    A         B        C        D         E        F      G
               +---------+---------+-------+---------+---------+-------+---------
         Total |       0 |      12 |   0.0 |       0 |       8 |   0.0 |   369
               +---------+---------+-------+---------+---------+-------+---------
           D:1 |       0 |      12 |   0.0 |       0 |       8 |   0.0 |   369
               +---------+---------+-------+---------+---------+-------+---------
